 Dungeon Crawl Stone Soup version 0.28-a0-265-g048bc9fd10 (webtiles) character file.

Game seed: 1240217917907346305

14010 Ankalagon the Blocker (level 12, -4/103 HPs)
             Began as a Naga Venom Mage on Aug 27, 2021.
             Was an Initiate of Gozag.
             Slain by a white draconian (13 damage)
             ... in an ice cave.
             The game lasted 00:50:17 (16340 turns).

Ankalagon the Blocker (Naga Venom Mage)            Turns: 16340, Time: 00:50:18

Health: -4/103     AC: 20    Str: 14    XL:     12   Next: 12%
Magic:  16/16      EV: 10    Int: 16    God:    Gozag
Gold:   470        SH: 13    Dex: 13    Spells: 6/17 levels left

rFire   + . .      SeeInvis +   z - +0 demon blade (flame)
rCold   + . .      Faith    .   I - +2 kite shield
rNeg    . . .      Spirit   .   u - +3 leather armour
rPois   +          Reflect  .   S - +1 helmet
rElec   +          Harm     .   (no cloak)
rCorr   +          Rampage  .   C - +0 pair of gloves
Will    +....                   t - +1 barding {Fly}
Stlth   ++........              (no amulet)
HPRegen 0.27/turn               s - +4 ring of protection
MPRegen 0.15/turn               h - ring of wizardry

@: mighty, resistant, flying, hasted, quick
A: AC +4, large, see invisible, deformed body, poison resistance, slowness 2,
spit poison 1, naga tail 1
a: Spit Poison, Renounce Religion, Potion Petition, Call Merchant, Bribe Branch


You were in an ice cave.
You worshipped Gozag.
Gozag was aware of your devotion.
You visited 2 branches of the dungeon, and saw 13 of its levels.
You also visited: Ossuary and Ice Cave.

You collected 1738 gold pieces.
You spent 23 gold pieces at shops.
You paid 1245 gold pieces to Gozag.

Inventory:

Hand Weapons
 b - a +0 flail of holy wrath
 g - a +0 rapier of electrocution
 z - a +0 demon blade of flaming (weapon)
 Q - a +1 halberd of flaming
Missiles
 v - 2 silver boomerangs (quivered)
 y - 80 poisoned darts
Armour
 c - a +2 ring mail of fire resistance
 t - a +1 barding of flying (worn)
 u - a +3 leather armour (worn)
 C - a +0 pair of gloves (worn)
 I - a +2 kite shield (worn)
 R - +0 acid dragon scales
 S - a +1 helmet (worn)
Magical Staves
 a - a staff of poison
 w - a staff of air
Jewellery
 f - a ring of resist corrosion
 h - a ring of wizardry (right hand)
 j - a ring of magical power
 n - a ring of protection from fire
 q - a ring of flight
 s - a +4 ring of protection (left hand)
 x - an amulet of guardian spirit
 N - a ring of willpower
Wands
 p - a wand of iceblast (4)
 T - a wand of polymorph (2)
 W - a wand of digging (2)
Scrolls
 i - 3 scrolls of teleportation
 o - a scroll of blinking
 A - 2 scrolls of enchant armour
 D - a scroll of silence {unknown}
 F - a scroll of amnesia
 G - 2 scrolls of fear
 J - 2 scrolls of vulnerability {unknown}
 M - 2 scrolls of enchant weapon {unknown}
 X - 2 scrolls of summoning {unknown}
Potions
 d - a potion of lignification
 e - 2 potions of mutation
 l - a potion of curing
 r - 2 potions of attraction
 O - a potion of flight {unknown}
 P - 5 potions of brilliance {unknown}
 U - 2 potions of magic {unknown}


   Skills:
 - Level 5.2 Fighting
 - Level 8.0(8.3) Short Blades
 + Level 3.6(6.2) Long Blades
 - Level 4.0 Staves
 - Level 7.0 Dodging
 - Level 3.2 Stealth
 - Level 9.0 Shields
 - Level 3.0 Spellcasting
 - Level 2.0 Conjurations
 - Level 2.0 Transmutations
 - Level 2.0 Air Magic
 - Level 6.0 Poison Magic
 - Level 6.0 Evocations


You had 6 spell levels left.
You knew the following spells:

 Your Spells              Type           Power      Damage    Failure   Level
a - Olgreb's Toxic Radia  Pois           21%        N/A       9%          4
b - Magic Dart            Conj           32%        1d4       4%          1
e - Sting                 Tmut/Pois      60%        1d6       1%          1
r - Poisonous Vapours     Pois/Air       30%        N/A       2%          2
w - Mephitic Cloud        Conj/Pois/Air  13%        N/A       8%          3

Your spell library contained the following spells:

 Spells                   Type           Power      Damage    Failure   Level
 Foxfire                  Conj/Fire      20%        2x1d5     6%          1
 Call Imp                 Summ           2%         N/A       14%         2
 Conjure Flame            Conj/Fire      5%         6-21      19%         3
 Dazzling Flash           Conj/Hex       10%        N/A       19%         3
 Frozen Ramparts          Ice            4%         1d2       26%         3
 Inner Flame              Hex/Fire       2%         N/A       26%         3
 Ozocubu's Armour         Ice            2%         N/A       26%         3
 Ice Form                 Ice/Tmut       5%         N/A       50%         4
 Animate Armour           Summ/Erth      4%         N/A       65%         4
 Summon Ice Beast         Ice/Summ       2%         N/A       65%         4
 Blade Hands              Tmut           4%         N/A       71%         5
 Silence                  Hex/Air        2%         N/A       83%         5
 Agony                    Necr           2%         N/A       92%         5
 Iron Shot                Conj/Erth      2%         9d2       100%        6
 Ozocubu's Refrigeration  Ice            1%         4d5       100%        7


Dungeon Overview and Level Annotations

Branches:
Dungeon (12/15)            Temple (1/1) D:7            Lair (0/6) D:10
    Orc (0/2) D:12        Ossuary (visited)           IceCv (1/1)

Altars:
Ashenzari
Cheibriados
Dithmenos
Elyvilon
Fedhas
Gozag
Hepliaklqana
Kikubaaqudgha
Makhleb
Nemelex Xobeh
Okawaru
Qazlal
Ru
Sif Muna
Trog
Uskayaw
Vehumet
Wu Jian
Xom
Yredelemnul
Zin
The Shining One

Shops:
D:10 *

Annotations:
D:7 2 transporters, skAll's ghost, novice FoFi
D:8 1 runed translucent door, nago's ghost, novice HuAE
D:9 3 runed translucent doors, Xenophilius's ghost, novice OpEE


Innate Abilities, Weirdness & Mutations

Your serpentine skin is tough. (AC +4)
You have supernaturally acute eyesight. (SInv)
Armour fits poorly on your strangely shaped body.
Your system is resistant to poisons. (rPois)
You cover ground very slowly.
You can spit poison.
You have a snake-like lower body.


Message History

The white draconian breathes frost at you.
The blast of cold hits you!
* * * LOW HITPOINT WARNING * * *
You hit the white draconian. You burn the white draconian.
The white draconian is severely wounded.
You feel better.
The white draconian hits you with a +0 hand axe.
* * * LOW HITPOINT WARNING * * *
You barely miss the white draconian.
The white draconian is severely wounded.
The white draconian hits you but does no damage.
You slash the white draconian! You burn the white draconian.
The white draconian is almost dead.
You closely miss the white draconian.
The white draconian is almost dead.
The white draconian barely misses you.
You completely miss the white draconian.
The white draconian is almost dead.
The white draconian breathes frost at you.
The blast of cold hits you!!
* * * LOW HITPOINT WARNING * * *
You feel better.
Press: ? - help, v - describe, . - travel, g - get item
Here: a white draconian, wielding a +0 hand axe (almost dead, catching its breath) Item here: a throwing net.
The floor, spattered with blood.
Okay, then.
Unknown command. [a] - 928 gold - haste, brilliance, resistance and invisibility [b] - 312 gold - brilliance and magic [c] - 364 gold - resistance and might Purchase which effect? [a] - 928 gold - haste, brilliance, resistance and invisibility [b] - 312 gold - brilliance and magic [c] - 364 gold - resistance and might Purchase which effect?
You feel protected.
You feel mightier all of a sudden.
The white draconian hits you with a +0 hand axe!
You die...
Your body crumbles into a pile of gold.

#.....
##≈###.#..##.#.#
#...$
#≈≈≈#..##..#..##
#.."=##≈≈≈....##...##
#$.$#≈≈≈≈##########
#==$.#≈≈≈# ##$#Z.≈≈##
###Z#### #d## #.#@##
#.###.# #.# ##.# #.#
#.# #.# #.# ## #.#
#.# ##


You could see a white draconian (catching breath).

Vanquished Creatures
  2 two-headed ogres
  Sonja (D:11)
  2 cyclopes
  A manticore (D:11)
  2 ice statues (IceCv)
  A gargoyle (D:10)
  An unseen horror (D:12)
  Maggie (D:7)
  4 rime drakes (IceCv)
  A komodo dragon (D:12)
  3 trolls
  2 wraiths
  2 wyverns
  11 yaks
  Menkaure (D:7)
  2 acid dragons
  4 water moccasins
  Duvessa (D:7)
  A hornet zombie (D:7)
  A necrophage (D:7)
  3 ogres
  A sky beast (D:7)
  3 black bears
  3 centaurs
  2 phantoms (D:5)
  3 kobold brigands
  10 scorpions
  8 bullfrogs
  A gnoll sergeant (D:6)
  Dowan (D:7)
  A water moccasin skeleton (D:6)
  2 lindwurm simulacra (IceCv)
  3 wights
  4 centaur zombies
  A bullfrog zombie (D:6)
  3 komodo dragon simulacra (IceCv)
  6 orc priests
  3 hounds
  5 jellies
  A human zombie (Ossuary)
  4 bullfrog skeletons
  A centaur skeleton (D:4)
  2 iguanas (D:6)
  9 orc wizards
  4 scorpion zombies (Ossuary)
  3 mummies (Ossuary)
  A howler monkey zombie (D:7)
  7 gnolls (D:6)
  A howler monkey skeleton (D:7)
  3 acid dragon simulacra (IceCv)
  10 adders
  A white imp (D:6)
  2 ufetubi
  6 steam dragon simulacra (IceCv)
  An adder skeleton (D:4)
  A worm (D:4)
  4 dart slugs
  23 orcs
  2 bat zombies (D:9)
  6 endoplasms
  A giant cockroach (D:2)
  6 goblins
  6 hobgoblins
  14 kobolds
  3 quokkas
  8 ball pythons
  4 bats
  4 frilled lizards
  2 gnoll zombies (Ossuary)
  4 goblin zombies (Ossuary)
  A hobgoblin zombie (Ossuary)
  2 kobold zombies (Ossuary)
  An orc zombie (Ossuary)
  4 rats
  3 rat zombies (D:9)
262 creatures vanquished.

Vanquished Creatures (others)
  50 fungi
  39 plants
89 creatures vanquished.

Grand Total: 351 creatures vanquished

Notes
Turn   | Place    | Note
-------+----------+-------------------------------------------
     0 | D:1      | Ankalagon the Naga Venom Mage began the quest for the Orb.
     0 | D:1      | Reached XP level 1. HP: 15/15 MP: 3/3
   436 | D:1      | Reached XP level 2. HP: 22/22 MP: 0/5
   550 | D:1      | Found a faded altar of an unknown god.
  1109 | D:1      | You fall into a shaft and drop 1 floor!
  1228 | D:2      | Learned a level 2 spell: Poisonous Vapours
  1259 | D:2      | Reached XP level 3. HP: 20/28 MP: 3/7
  1410 | D:2      | Learned a level 3 spell: Mephitic Cloud
  1488 | D:2      | Found a hide-covered altar of Uskayaw.
  1591 | D:2      | Reached skill level 1 in Short Blades
  1600 | D:2      | Reached XP level 4. HP: 35/36 MP: 6/8
  1815 | D:3      | Reached skill level 1 in Air Magic
  1943 | D:3      | Reached XP level 5. HP: 30/42 MP: 3/9
  2067 | D:3      | Reached skill level 1 in Conjurations
  2739 | D:4      | Learned a level 4 spell: Olgreb's Toxic Radiance
  2904 | D:4      | Noticed an ogre
  2917 | D:4      | Killed an ogre
  2918 | D:4      | Reached skill level 5 in Poison Magic
  2918 | D:4      | Reached XP level 6. HP: 49/49 MP: 0/10
  3045 | D:4      | Reached skill level 1 in Staves
  3447 | D:4      | Reached XP level 7. HP: 29/55 MP: 2/11
  3769 | D:4      | Reached skill level 1 in Evocations
  4307 | D:5      | Entered Level 5 of the Dungeon
  4808 | D:5      | Reached XP level 8. HP: 44/62 MP: 12/12
  4920 | D:5      | Reached skill level 5 in Evocations
  5250 | D:5      | Reached skill level 1 in Fighting
  5668 | D:5      | Found a bloodstained altar of Trog.
  6256 | D:6      | Reached XP level 9. HP: 70/76 MP: 10/13
  6992 | D:6      | Reached skill level 1 in Shields
  7037 | D:6      | Reached skill level 2 in Shields
  7760 | D:7      | Found a staircase to the Ecumenical Temple.
  7768 | Temple   | Entered the Ecumenical Temple
  7838 | Temple   | Became a worshipper of Gozag Ym Sagoz the Greedy
  7905 | D:7      | Noticed Menkaure
  7909 | D:7      | Learned a level 1 spell: Magic Dart
  7923 | D:7      | Killed Menkaure
  7924 | D:7      | Reached skill level 3 in Shields
  7936 | D:7      | Noticed a queen bee
  7942 | D:7      | Noticed skAll's ghost (novice FoFi)
  7973 | D:7      | Noticed a hornet
  8026 | D:7      | Noticed Duvessa
  8037 | D:7      | Noticed Dowan
  8040 | D:7      | Killed Duvessa
  8041 | D:7      | Reached skill level 4 in Shields
  8047 | D:7      | Killed Dowan
  8170 | D:7      | Found a transporter.
  8174 | D:7      | Found a transporter.
  8242 | D:7      | Noticed Maggie
  8260 | D:7      | Killed Maggie
  8261 | D:7      | Reached skill level 5 in Shields
  8649 | D:7      | Reached skill level 6 in Shields
  8675 | D:7      | Reached XP level 10. HP: 48/85 MP: 2/14
  9228 | D:8      | Found a sand-covered staircase.
  9237 | Ossuary  | Entered an ossuary
 10112 | D:8      | Found a shadowy altar of Dithmenos.
 10115 | D:8      | Found a basalt altar of Yredelemnul.
 10148 | D:8      | Found a runed translucent door.
 10157 | D:8      | Noticed nago's ghost (novice HuAE)
 10157 | D:8      | Identified the +8 spear "Raicay" {drain, rPois rF- rCorr
                  | Int+3}
 10302 | D:8      | Reached skill level 7 in Shields
 10746 | D:8      | Found a snail-covered altar of Cheibriados.
 10749 | D:8      | Found a glowing silver altar of Zin.
 11398 | D:9      | Noticed a two-headed ogre
 11416 | D:9      | Killed a two-headed ogre
 11417 | D:9      | Reached skill level 8 in Shields
 11674 | D:9      | Found a runed translucent gate.
 11674 | D:9      | Found a runed translucent gate.
 11676 | D:9      | Found a runed translucent gate.
 11679 | D:9      | Noticed a spectral centaur warrior
 11679 | D:9      | Noticed Xenophilius's ghost (novice OpEE)
 11941 | D:9      | Found an ancient bone altar of Kikubaaqudgha.
 12062 | D:10     | Entered Level 10 of the Dungeon
 12235 | D:10     | Noticed a two-headed ogre
 12250 | D:10     | Killed a two-headed ogre
 12251 | D:10     | Reached skill level 9 in Shields
 12502 | D:10     | Reached skill level 5 in Short Blades
 12502 | D:10     | Reached XP level 11. HP: 85/92 MP: 15/15
 12589 | D:10     | Identified a scroll of acquirement
 12589 | D:10     | Acquired a +1 barding of flying
 12871 | D:10     | Found a staircase to the Lair.
 12880 | D:10     | Bought a grey potion for 23 gold pieces
 14300 | D:11     | Noticed Sonja
 14315 | D:11     | Killed Sonja
 14316 | D:11     | Reached skill level 5 in Dodging
 14391 | D:11     | Noticed a manticore
 14398 | D:11     | Killed a manticore
 14778 | D:11     | Noticed a cyclops
 14788 | D:11     | Killed a cyclops
 14789 | D:11     | Reached skill level 5 in Fighting
 15037 | D:12     | Noticed a five-headed hydra
 15152 | D:12     | Noticed a cyclops
 15174 | D:12     | Killed a cyclops
 15366 | D:12     | Found a frozen archway.
 15375 | IceCv    | Entered an ice cave
 15747 | IceCv    | Reached XP level 12. HP: 82/103 MP: 16/16
 15786 | IceCv    | Reached skill level 1 in Long Blades
 16274 | IceCv    | Noticed a white draconian
 16338 | IceCv    | HP: 1/103 [white draconian/blast of cold (20)]
 16340 | IceCv    | Slain by a white draconian

Illustrated notes

Levels and vault maps discovered:
D:1:      eino_arrival_cavern_c, layout_loops_ring,
          hellmonk_ecumenical_altar_arch_garden, chequers_serial_rivers_large_a,
          minmay_misc_feat_encased
D:2:      layout_rooms, basic_altar
D:3:      layout_rooms
D:4:      cheibrodos_thug_alley, layout_layer_cave, minmay_circle_x
D:5:      layout_rooms, kennysheep_mini_moat, minmay_holes, grunt_decor_cap
D:6:      layout_loops_cross
D:7:      layout_loops_ring, minmay_temple_entry_glassed_door,
          gammafunk_ghost_hive, minivault_25,
          minmay_a_box_with_orc_wizards_in_it, uniq_menkaure, uniq_maggie,
          uniq_duvessa
D:8:      layout_basic, grunt_temple_overflow_cloverleaf,
          nicolae_ossuary_entry_monument, ebering_ghost_funeral_grove,
          bh_walls_and_bars
D:9:      layout_small_grid, lemuel_zombie_altar_kikubaaqudgha,
          gammafunk_ghost_necromancy, minmay_misc_feat_alley
D:10:     layout_stronghold, due_lair_maze_entry_diamond
D:11:     layout_stronghold, feat_on_display, uniq_sonja
D:12:     layout_stronghold, orc_0_dummy, portal_ice_cave_entry_pillars_1,
          minmay_misc_feat_plants
Temple:   compressed_dpeg_circular_temple
IceCv:    ice_cave_small_dragons

Skill      XL: |  1  2  3  4  5  6  7  8  9 10 11 12 |
---------------+-------------------------------------+-----
Spellcasting   | 3 |  3.0
Transmutations | 2 |  2.0
Short Blades   | 1 2 5 8 |  8.0
Air Magic      | 2 |  2.0
Conjurations   | 2 |  2.0
Poison Magic   | 5 6 |  6.0
Staves         | 3 4 |  4.0
Evocations     | 4 6 |  6.0
Fighting       | 3 4 5 |  5.2
Dodging        | 3 7 |  7.0
Shields        | 6 9 |  9.0
Long Blades    | 3 |  3.6
Stealth        | |  3.2

Action                   |  1- 3 |  4- 6 |  7- 9 | 10-12 || total
-------------------------+-------+-------+-------+-------++-------
Melee: Unarmed           |     3 |       |       |       ||     3
       Rapier            |    12 |    16 |       |   453 ||   481
       Staff             |       |    64 |   404 |       ||   468
       Flail             |       |       |     9 |    11 ||    20
       Demon blade       |       |       |       |    88 ||    88
Throw: Throwing net      |       |       |       |     1 ||     1
 Cast: Sting             |    32 |    45 |    81 |     2 ||   160
       Poisonous Vapours |     1 |     4 |    26 |    36 ||    67
       Mephitic Cloud    |       |     6 |     9 |     4 ||    19
       Magic Dart        |       |       |     3 |       ||     3
       Olgreb's Toxic Ra |       |       |     2 |     7 ||     9
Invok: Call Merchant     |       |       |       |     1 ||     1
       Potion Petition   |       |       |       |     1 ||     1
 Abil: Spit Poison       |    12 |    21 |     8 |     3 ||    44
Evoke: Wand              |       |       |    25 |    32 ||    57
  Use: Scroll            |       |       |     7 |    14 ||    21
       Potion            |       |       |     1 |    17 ||    18
 Stab: Confused          |       |     2 |     6 |     2 ||    10
       Paralysed         |       |       |    29 |     9 ||    38
       Sleeping          |       |       |       |     5 ||     5
       Distracted        |       |       |       |     1 ||     1
       Invisible         |       |       |       |     5 ||     5
Armor: Robe              |     5 |    11 |       |       ||    16
       Leather armour    |       |    23 |   238 |   194 ||   455
       Skin              |       |       |     4 |       ||     4
Dodge: Dodged            |    13 |    49 |   216 |   140 ||   418
Block: Kite shield       |       |       |       |   235 ||   235
       Buckler           |       |       |       |     9 ||     9

Table legend: (Time is in decaauts)
 A = Elapsed time spent in this place.
 B = Non-inter-level travel time spent in this place.
 C = Inter-level travel time spent in this place.
 D = Time resting spent in this place.
 E = Time spent auto-exploring this place.
 F = Levels seen in this place.
 G = Mean time per level.
                   A        B        C        D        E       F      G
               +--------+--------+--------+--------+--------+-----+--------+
         Total |  19618 |  18849 |    769 |   2749 |  11922 |  15 | 1307.9 |
       Dungeon |  17788 |  17019 |    769 |   2055 |  11518 |  12 | 1482.3 |
        Temple |    114 |    114 |      0 |      0 |     68 |   1 |  114.0 |
       Ossuary |    695 |    695 |      0 |     88 |    266 |   1 |  695.0 |
      Ice Cave |   1020 |   1020 |      0 |    606 |     69 |   1 | 1020.0 |
               +--------+--------+--------+--------+--------+-----+--------+

Top non-repeatable levels by time:
     D:4: 2260 daAuts
    D:10: 1952 daAuts
     D:7: 1934 daAuts
     D:6: 1932 daAuts
     D:5: 1716 daAuts
     D:8: 1561 daAuts
    D:11: 1483 daAuts
     D:1: 1406 daAuts
     D:9: 1251 daAuts
   IceCv: 1020 daAuts
     D:3: 947 daAuts
     D:2: 792 daAuts
 Ossuary: 695 daAuts
    D:12: 548 daAuts
  Temple: 114 daAuts
